 Dungeon Crawl Stone Soup version 0.31-a0-1068-g5939ac1fb6 (webtiles) character file.

Game seed: 9894052425422541338

101236 Flugkiller the Cleaver (level 15, -1/111 (120) HPs)
             Began as a Mummy Wanderer on Nov 24, 2023.
             Was the Champion of Makhleb.
             Slain by a tarantella (6 damage)
             ... led by a broodmother
             ... on level 1 of the Spider Nest.
             The game lasted 01:20:25 (30842 turns).

Flugkiller the Cleaver (Mummy Wanderer)            Turns: 30842, Time: 01:20:26

HP:   -1/111 (120)  AC: 23    Str: 16      XL:     15   Next: 82%
MP:   0/34          EV: 11    Int: 17 (18) God:    Makhleb [******]
Gold: 1377          SH:  0    Dex: 12      Spells: 3/28 levels left

rFire   . . .        W - +7 broad axe (protect)
rCold   + . .        (no shield)
rNeg    + + +        N - +2 scale mail {rF+}
rPois   ∞            o - +2 helmet
rElec   .            y - +2 cloak {rPois}
rCorr   .            a - +2 pair of gloves
SInv    .            w - +2 pair of boots
Will    +....        C - amulet of guardian spirit Stlth
                     L - ring "Yhuys" {Wiz Slay+2}
HPRegen 0.38/turn    Q - ring of magical power
MPRegen 0.24/turn

%: guardian spirit, faith, wizardry (x1)
@: drained
A: cold resistance 1, negative energy resistance 3, torment resistance 2, heat
vulnerability 1, in touch with death 2, no potions, faith
a: Renounce Religion, Minor Destruction, Lesser Servant of Makhleb, Major
Destruction, Greater Servant of Makhleb


You were on level 1 of the Spider Nest.
You worshipped Makhleb.
Makhleb was exalted by your worship.
You visited 4 branches of the dungeon, and saw 23 of its levels.
You also visited: Bailey.

You collected 2734 gold pieces.
You spent 1357 gold pieces at shops.

Inventory:

Hand Weapons
 g - a +7 war axe of protection
   (You took it off a wight on level 8 of the Dungeon)
 W - a +7 broad axe of protection (weapon)
   (You took it off a death knight on level 15 of the Dungeon)
Missiles
 b - 30 poisoned darts
 j - 27 boomerangs
 k - 14 curare-tipped darts
 n - 2 throwing nets
 J - 8 atropa-tipped darts
 P - 3 datura-tipped darts
Armour
 a - a +2 pair of gloves (worn)
   (You found it on level 7 of the Dungeon)
 o - a +2 helmet (worn)
   (You found it on level 2 of the Dungeon)
 w - a +2 pair of boots (worn)
   (You found it on level 10 of the Dungeon)
 y - a +2 cloak of poison resistance (worn)
   (You found it on level 1 of the Spider Nest)
 G - a +2 ring mail of fire resistance
   (You found it on level 7 of the Dungeon)
 M - a +3 scale mail of willpower
   (You found it in a bailey)
 N - a +2 scale mail of fire resistance (worn)
   (You found it in a bailey)
 U - a +2 kite shield
   (You bought it in a shop on level 2 of the Orcish Mines)
Magical Staves
 S - a staff of fire
   (You found it on level 1 of the Lair of Beasts)
Jewellery
 f - a ring of protection from fire
   (You found it on level 1 of the Spider Nest)
 p - a ring of protection from cold
   (You found it on level 4 of the Lair of Beasts)
 s - a ring of resist corrosion
   (You took it off an orc on level 3 of the Dungeon)
 x - a ring of magical power
   (You found it on level 5 of the Dungeon)
 C - an amulet of guardian spirit (around neck)
   (You found it on level 1 of the Dungeon)
 E - a ring of fire
   (You found it on level 7 of the Dungeon)
 L - the ring "Yhuys" (left hand) {Wiz Slay+2}
   (You found it in a bailey)

   [ring of wizardry]

   Wiz:       It improves your spell success rate.
   Slay+2:    It affects your accuracy & damage with ranged weapons and melee
   (+2).
 Q - a ring of magical power (right hand)
   (You found it on level 1 of the Lair of Beasts)
Wands
 d - a wand of iceblast (6)
   (You found it on level 10 of the Dungeon)
 e - a wand of mindburst (15)
   (You took it off an orc wizard on level 5 of the Dungeon)
 i - a wand of paralysis (13)
   (You found it on level 2 of the Dungeon)
 u - a wand of polymorph (10)
   (You found it on level 9 of the Dungeon)
 A - a wand of light (12)
   (You found it on level 6 of the Dungeon)
 B - a wand of flame (37)
   (You took it off Ijyb on level 5 of the Dungeon)
 F - a wand of digging (4)
   (You found it on level 7 of the Dungeon)
Scrolls
 c - 3 scrolls of fear (quivered)
 h - 4 scrolls of torment
 l - a scroll of brand weapon
 m - 6 scrolls of revelation
 q - 5 scrolls of amnesia
 r - 5 scrolls of identify
 t - 7 scrolls of teleportation
 v - a scroll of enchant armour
 D - 3 scrolls of vulnerability
 K - 4 scrolls of fog
 T - 2 scrolls of immolation
 V - a scroll of poison
Miscellaneous
 R - a condenser vane
   (You found it on level 1 of the Lair of Beasts)


   Skills:
 + Level 12.1 Fighting
 - Level 13.7(14.0) Axes
 - Level 4.0(9.7) Maces & Flails
 - Level 1.5 Throwing
 - Level 8.0 Armour
 - Level 5.0 Dodging
 - Level 2.0 Stealth
 - Level 0.2 Shields
 - Level 2.4 Unarmed Combat
 - Level 7.0 Spellcasting
 - Level 12.0 Necromancy
 - Level 10.0 Invocations
 - Level 2.0 Evocations


You had 3 spell levels left.
You knew the following spells:

 Your Spells              Type           Power      Damage    Failure   Level
a - Cigotuvi's Dreadful   Necr/Pois/Air  86%        N/A       4%          2
b - Vampiric Draining     Necr           81%        2d11      1%          3
c - Dispel Undead         Necr           81%        3d26      1%          4
d - Death Channel         Necr           40%        N/A       16%         6
e - Animate Dead          Necr           81%        N/A       1%          4
f - Borgnjor's Vile Clut  Necr/Erth      28%        N/A       32%         5
L - Kiss of Death         Conj/Necr      100%       2d13      1%          1

Your spell library contained the following spells:

 Spells                   Type           Power      Damage    Failure   Level
 Magic Dart               Conj           20%        1d4       14%         1
 Sting                    Tmut/Pois      20%        1d4       14%         1
 Summon Small Mammal      Summ           20%        N/A       14%         1
 Blink                    Tloc           10%        N/A       21%         2
 Call Imp                 Summ           10%        N/A       21%         2
 Lesser Beckoning         Tloc           10%        N/A       21%         2
 Momentum Strike          Conj/Tloc      10%        3d8       21%         2
 Poisonous Vapours        Pois/Air       10%        N/A       21%         2
 Searing Ray              Conj           10%        2d4       21%         2
 Call Canine Familiar     Summ           5%         N/A       38%         3
 Hailstorm                Conj/Ice       5%         3d4       38%         3
 Mephitic Cloud           Conj/Pois/Air  5%         N/A       38%         3
 Sigil of Binding         Hex            5%         N/A       38%         3
 Summon Guardian Golem    Hex/Summ       5%         N/A       38%         3
 Dimensional Bullseye     Hex/Tloc       2%         N/A       77%         4
 Fulminant Prism          Conj/Hex       2%         3d5       77%         4
 Leda's Liquefaction      Hex/Erth       2%         N/A       77%         4
 Manifold Assault         Tloc           5%         N/A       77%         4
 Olgreb's Toxic Radiance  Pois           5%         N/A       77%         4
 Summon Ice Beast         Ice/Summ       5%         N/A       77%         4
 Vhi's Electric Charge    Tloc/Air       10%        N/A       77%         4
 Simulacrum               Ice/Necr       28%        N/A       85%         6
 Arcjolt                  Conj/Air       2%         1d12      97%         5
 Lee's Rapid Deconstruct  Erth           2%         3d5*      97%         5
 Bombard                  Conj/Erth      2%         9d1       100%        6
 Conjure Ball Lightning   Conj/Air       2%         3x3d6     100%        6
 Discord                  Hex            2%         N/A       100%        8
 Disjunction              Tloc           2%         N/A       100%        8
 Maxwell's Capacitive Co  Air            2%         ∞         100%        8


Dungeon Overview and Level Annotations

Branches:
Dungeon (15/15) Zot: 24667  Temple (0/1) D:5            Lair (5/5) D:10 Zot: 23140
  Swamp (0/4) Lair:3       Spider (1/4) Lair:3 Zot: 4802   Slime (0/5) Lair:5
    Orc (2/2) D:9 Zot: 10113     Elf (0/3) Orc:2        Vaults (0/5) D:13
 Depths (0/4) D:15         Bailey (visited)

Altars:
Ashenzari
Dithmenos
Fedhas
Hepliaklqana
Makhleb
Okawaru
Sif Muna
Trog
Vehumet
Xom
Yredelemnul

Shops:
D:7 (   Orc:2 [:(!(

Annotations:
D:4 exclusion: upstairs
D:14 exclusions: obsidian statue and orange crystal statue


Innate Abilities, Weirdness & Mutations

You are immune to poison.
Your flesh is cold resistant. (rC+)
You are immune to negative energy. (rN+++)
You are immune to unholy pain and torment.
You are vulnerable to heat. (rF-)
You are strongly in touch with the powers of death.
You do not drink.
You have a special connection with the divine. (Faith)


Message History

Unknown command.
The zombie hands constrict the demonic crawler.
The demonic crawler struggles to escape constriction.
Your neqoxec hits the demonic crawler!
The demonic crawler struggles to escape constriction.
Unknown command.
The zombie hands constrict the demonic crawler.
Your neqoxec hits the demonic crawler.
The demonic crawler struggles to escape constriction.
The zombie hands constrict the demonic crawler.
The demonic crawler escapes!
Your neqoxec barely misses the demonic crawler.
Aiming: Bolt of Light
Press: ? - help, Shift-Dir - straight line, f/p - demonic crawler
Aim: a demonic crawler (heavily wounded, ally target, 86% to hit)
The bolt of light hits the demonic crawler but does no damage.
The demonic crawler is heavily wounded.
The demonic crawler is blinded.
Okay, then.
Unknown command.
Unknown command.
Unknown command.
Unknown command.
Press: ? - help, v - describe, . - travel
Here: a demonic crawler (moderately wounded, blind, ally target)
The floor.
Unknown command.
Unknown command.
Read: 4 scrolls of fear
Press: ? - help, Q - select action, (/) - cycle Dir - look around, f - activate Look: a demonic crawler (moderately wounded, blind, ally target, chance to affect: 79%)
Okay, then.
Unknown command.
As you read the scroll of fear, it crumbles to dust.
You assume a fearsome visage.
The demonic crawler looks frightened!
The demonic crawler barely misses you. The demonic crawler hits you!
* * * LOW HITPOINT WARNING * * *
The demonic crawler completely misses you.
Unknown command.
The demonic crawler hits your neqoxec.
The demonic crawler hits your neqoxec but does no damage.
The demonic crawler misses your neqoxec.
Your neqoxec hits the demonic crawler.
Unknown command.
Your neqoxec hits the demonic crawler but does no damage.
Your neqoxec hits the demonic crawler.
Your neqoxec barely misses the demonic crawler.
Unknown command.
Your neqoxec completely misses the demonic crawler.
Your magical contamination has completely faded away.
Aiming: Dig
Press: ? - help, Shift-Dir - straight line, f - you Please select a direction to dig.
The rock shatters into small pieces.
Something hits your neqoxec. x2
Something completely misses your neqoxec.
Aiming: Dig
Press: ? - help, Shift-Dir - straight line A rock wall.
The rock shatters into small pieces.
You start resting.
A demonic crawler is nearby!
Unknown command.
A demon appears!
The demonic crawler hits your hellwing but does no damage.
The demonic crawler hits your hellwing! x2
Your hellwing hits the demonic crawler but does no damage. x2
The demonic crawler hits your hellwing but does no damage.
The demonic crawler hits your hellwing. The demonic crawler hits your hellwing!
Your hellwing dies!
Your hellwing disappears in a puff of smoke!
As you read the scroll of teleportation, it crumbles to dust.
You feel strangely unstable. The demonic crawler hits you.
* * * LOW HITPOINT WARNING * * *
The demonic crawler hits you but does no damage. x2
You barely miss the demonic crawler. The demonic crawler hits you!
* * * LOW HITPOINT WARNING * * *
The demonic crawler hits you!
* * * LOW HITPOINT WARNING * * *
The demonic crawler hits you but does no damage.
Okay, then.
Unknown command.
Unknown command.
Blink to where?
Press: ? - help, Dir - move target
As you read the scroll of blinking, it crumbles to dust.
Unknown command.
Okay, then.
The demonic crawler attacks as it pursues you!
The demonic crawler hits you but does no damage. x3
The demonic crawler misses you. The demonic crawler closely misses you.
The demonic crawler hits you but does no damage.
Unknown command.
Unknown command.
Your surroundings suddenly seem different.
A broodmother, a redback and a wolf spider come into view.
The tarantella's many legs skitter faintly.
The wolf spider's many legs skitter.
The tarantella touches you!
You die...

s.. #....
###..###.....
............
#..s........
#...........
#............
#...........
#..@.....[.#
##.s......#
#........#
##.......#
##......#
#.s.....#
##.......#
###........#
#..........#


You could see a broodmother, a wolf spider, a tarantella and a redback.

Vanquished Creatures
  Kirke (D:13)
  An emperor scorpion (Spider:1)
  A ghost moth (Spider:1)
  2 spark wasps (Spider:1)
  A vault guard (D:13)
  An ice dragon (Lair:5)
  2 hydras
  6 centaur warriors
  2 boulder beetles
  A dancing weapon (D:13)
  A death knight (D:15)
  A tengu warrior (D:13)
  A deep troll earth mage (D:15)
  Nergalle (D:11)
  4 orc high priests (Orc:2)
  A skyshark (Lair:2)
  2 lindwurms (Lair:5)
  2 bog bodies (Lair:3)
  Pikel (D:7)
  2 orb spiders (Spider:1)
  12 ugly things
  7 orc knights
  3 deep elf pyromancers
  2 wolf spiders (Lair:5)
  3 cyclopes
  A manticore (D:15)
  4 black mambas
  Maurice (D:13)
  A guardian serpent (Lair:5)
  7 torpor snails
  18 cane toads
  An unseen horror (D:11)
  A rime drake (shapeshifter) (D:13)
  3 kobold demonologists
  An efreet (D:15)
  2 rime drakes
  A tengu conjurer (D:13)
  A freezing wraith (D:15)
  10 komodo dragons
  9 trolls
  3 tyrant leeches (Lair:5)
  13 hornets
  Prince Ribbit (D:5)
  A polar bear (Lair:4)
  6 tarantellas (Spider:1)
  A blink frog (shapeshifter) (D:15)
  A raiju (shapeshifter) (D:14)
  5 blink frogs (Lair:5)
  Sigmund (D:2)
  A jumping spider (shapeshifter) (D:14)
  9 slime creatures
  4 wraiths
  20 wyverns
  2 vampires
  7 culicivoras (Spider:1)
  2 shadows
  50 yaks
  3 hogs
  4 water elementals (D:14)
  4 basilisks
  8 vampire mosquitoes
  5 redbacks
  4 wargs
  19 water moccasins
  An ice beast (D:7)
  47 orc warriors
  2 black bears
  3 sky beasts
  6 ogres
  20 wolves
  5 boggarts (D:15)
  6 centaurs
  4 lemures (D:7)
  2 phantoms
  3 kobold brigands
  3 gnoll sergeants
  2 scorpions
  14 bullfrogs
  19 wights
  3 killer bees (D:6)
  6 howler monkeys
  6 electric eels
  6 centaur zombies (D:8)
  2 crimson imps (D:3)
  3 jellies
  3 gnoll boudas
  31 orc priests
  2 sleepcaps
  2 hounds
  Ijyb (D:5)
  14 orc wizards
  A killer bee zombie (D:8)
  A howler monkey zombie (D:8)
  4 adders
  25 gnolls
  3 white imps (D:6)
  3 worms
  4 dart slugs
  109 orcs
  8 bats
  7 endoplasms
  3 giant cockroaches
  2 goblins
  7 hobgoblins
  4 jackals (D:4)
  11 kobolds
  5 quokkas
  5 ball pythons
  3 frilled lizards
  5 rats
722 creatures vanquished.

Vanquished Creatures (collateral kills)
  Jorgrun (D:14)
  Agnes (D:15)
  Snorg (D:13)
  Josephine (D:9)
  Fannar (D:11)
  4 hydras
  A centaur warrior (D:15)
  A two-headed ogre (D:11)
  A demonic crawler (Lair:3)
  An orc high priest (Orc:2)
  An occultist (D:15)
  A skyshark (Lair:4)
  2 orc knights
  A deep elf pyromancer (Bailey)
  A cyclops (D:15)
  A komodo dragon (Lair:1)
  A rime drake (Lair:4)
  A freezing wraith (D:15)
  A yaktaur (D:15)
  A hornet (Spider:1)
  A jumping spider (Spider:1)
  2 slime creatures (D:13)
  6 orc warriors
  A bullfrog (Lair:4)
  2 orc priests (Orc:2)
  An orc wizard (D:11)
  9 orcs
46 creatures vanquished.

Vanquished Creatures (others)
  2 humans (D:14)
  A quokka (D:6)
3 creatures vanquished.

Grand Total: 771 creatures vanquished

Notes
Turn   | Place    | Note
-------+----------+-------------------------------------------
     0 | D:1      | Flugkiller the Mummy Wanderer began the quest for the Orb.
     0 | D:1      | Flugkiller set off with the following items: a +0 dagger,
                  | 11 poisoned darts, 2 scrolls of fear, a +0 robe, a scroll
                  | of teleportation; and the following spell memorised: Kiss
                  | of Death; and the following spells available to memorise:
                  | Vampiric Draining.
     0 | D:1      | Reached XP level 1. HP: 15/15 MP: 2/2
   256 | D:1      | Reached XP level 2. HP: 18/21 MP: 4/4
   575 | D:1      | Reached XP level 3. HP: 26/26 MP: 5/5
   827 | D:2      | Learned a level 3 spell: Vampiric Draining
  1103 | D:2      | Found a burning altar of Makhleb.
  1111 | D:2      | Became a worshipper of Makhleb the Destroyer
  1225 | D:2      | Noticed Sigmund
  1312 | D:2      | Killed Sigmund
  1313 | D:2      | Reached skill level 5 in Necromancy
  1313 | D:2      | Reached skill level 1 in Evocations
  1313 | D:2      | Reached XP level 4. HP: 32/32 MP: 5/7
  1313 | D:2      | Reached XP level 5. HP: 37/37 MP: 5/8
  1710 | D:3      | Found a bloodstained altar of Trog.
  2017 | D:3      | Found a shimmering altar of Xom.
  2498 | D:3      | Found a blossoming altar of Fedhas.
  2861 | D:4      | Reached * piety under Makhleb
  2976 | D:4      | Reached XP level 6. HP: 36/43 MP: 7/9
  4477 | D:4      | Reached XP level 7. HP: 49/52 MP: 2/10
  4669 | D:5      | Entered Level 5 of the Dungeon
  4710 | D:5      | Reached skill level 1 in Maces & Flails
  4966 | D:5      | Reached ** piety under Makhleb
  5064 | D:5      | Identified the +1 ring mail of Quantum Leap {Harm rF+ Str+4
                  | Dex-3}
  5154 | D:5      | Noticed Prince Ribbit
  5166 | D:5      | Found a staircase to the Ecumenical Temple.
  5171 | D:5      | You fall into a shaft and drop 1 floor!
  5171 | D:6      | Found a shadowy altar of Dithmenos.
  5270 | D:6      | Reached skill level 1 in Invocations
  5571 | D:6      | Reached XP level 8. HP: 60/60 MP: 11/11
  5580 | D:6      | Learned a level 4 spell: Dispel Undead
  5739 | D:5      | Noticed Ijyb
  5748 | D:5      | Killed Ijyb
  5803 | D:5      | Killed Prince Ribbit
  5960 | D:6      | Found a hazy altar of Hepliaklqana.
  6085 | D:6      | Found a shimmering blue altar of Sif Muna.
  6226 | D:6      | Reached skill level 5 in Invocations
  6463 | D:6      | Reached skill level 5 in Fighting
  6993 | D:7      | Reached XP level 9. HP: 64/68 MP: 15/15
  7065 | D:7      | Found an iron altar of Okawaru.
  7065 | D:7      | Found a radiant altar of Vehumet.
  7252 | D:7      | Reached *** piety under Makhleb
  7381 | D:7      | Found a flagged portal.
  7430 | Bailey   | Entered a bailey
  7674 | Bailey   | Found a large runed translucent door.
  7674 | Bailey   | Found a large runed translucent door.
  7674 | Bailey   | Noticed a deep elf pyromancer
  7675 | Bailey   | Noticed an orc knight
  7698 | Bailey   | Killed an orc knight
  7699 | Bailey   | Reached skill level 5 in Spellcasting
  7722 | Bailey   | Killed a deep elf pyromancer
  7735 | Bailey   | Identified the ring "Yhuys" {Wiz Slay+2}
  7814 | D:7      | Learned a level 6 spell: Death Channel
  7840 | D:7      | Reached XP level 10. HP: 74/76 MP: 17/17
  7847 | D:7      | Found Boxogriavi's Antique Weapon Boutique.
  8231 | D:7      | Noticed Pikel
  8611 | D:7      | Found an iron altar of Okawaru.
  8622 | D:7      | Found a radiant altar of Vehumet.
  8630 | D:7      | Killed Pikel
  8631 | D:7      | Reached skill level 1 in Dodging
  8884 | D:7      | Found Boxogriavi's Antique Weapon Boutique.
  9511 | D:8      | Reached **** piety under Makhleb
  9816 | D:8      | Reached skill level 1 in Axes
  9817 | D:8      | Found a basalt altar of Yredelemnul.
  9905 | D:8      | Reached skill level 2 in Axes
 10090 | D:9      | Reached skill level 3 in Axes
 10389 | D:9      | Reached skill level 4 in Axes
 10709 | D:9      | Reached skill level 5 in Axes
 10734 | D:9      | Reached ***** piety under Makhleb
 10950 | D:9      | Reached XP level 11. HP: 75/81 MP: 18/18
 11203 | D:9      | Identified the +1 robe of the Eternal Void {Str+5}
 11310 | D:9      | Found a staircase to the Orcish Mines.
 11449 | D:10     | Entered Level 10 of the Dungeon
 12136 | D:10     | Found a staircase to the Lair.
 12293 | D:10     | Found a broken altar of Ashenzari.
 12467 | D:10     | Identified the +2 war axe "Buyzxahiha" {drain, *Slow rElec
                  | rC+}
 13112 | D:11     | Noticed a two-headed ogre
 13119 | D:11     | Killed a two-headed ogre
 13120 | D:11     | Reached skill level 6 in Axes
 13135 | D:11     | Noticed Fannar
 13146 | D:11     | Killed Fannar
 13702 | D:11     | Noticed Nergalle
 13722 | D:11     | Killed Nergalle
 13723 | D:11     | Reached skill level 7 in Axes
 13948 | Lair:1   | Entered Level 1 of the Lair of Beasts
 13973 | D:10     | Reached XP level 12. HP: 73/92 MP: 19/19
 14248 | Lair:1   | Reached skill level 8 in Axes
 14267 | Lair:1   | Reached ****** piety under Makhleb
 14268 | Lair:1   | Reached skill level 5 in Armour
 14429 | Lair:1   | Learned a level 2 spell: Cigotuvi's Dreadful Rot
 15546 | Lair:2   | Noticed an eight-headed hydra
 15579 | Lair:2   | Killed an eight-headed hydra
 15712 | Lair:2   | Reached skill level 10 in Fighting
 15712 | Lair:2   | Reached skill level 9 in Axes
 16439 | Lair:3   | Gained mutation: You are strongly in touch with the powers
                  | of death. [Mummy growth]
 16439 | Lair:3   | Reached XP level 13. HP: 102/103 MP: 20/20
 16469 | Lair:3   | Found a hole to the Spider Nest.
 16556 | Lair:3   | Found a staircase to the Swamp.
 17327 | Lair:4   | Reached skill level 10 in Necromancy
 17984 | Lair:5   | Entered Level 5 of the Lair of Beasts
 18427 | Lair:5   | Found a staircase to the Slime Pits.
 19606 | Lair:5   | Found a runed translucent door.
 19864 | Lair:5   | Reached XP level 14. HP: 107/110 MP: 24/24
 20090 | Lair:5   | Reached skill level 10 in Axes
 21469 | D:13     | Noticed Snorg
 21484 | D:13     | Killed Snorg
 21594 | D:13     | Found a gate to the Vaults.
 21873 | D:13     | Noticed Maurice
 21883 | D:13     | Killed Maurice
 21900 | D:13     | Reached skill level 5 in Dodging
 22430 | D:14     | Noticed Kirke
 22519 | D:13     | Killed Kirke
 23544 | D:14     | Noticed Jorgrun
 23545 | D:14     | Noticed a cacodemon
 23572 | D:14     | Noticed a balrug
 23909 | D:14     | Noticed an Executioner
 23948 | D:14     | Killed Jorgrun
 23949 | D:14     | Reached skill level 11 in Axes
 24912 | D:15     | Entered Level 15 of the Dungeon
 25098 | D:15     | Noticed Agnes
 25106 | D:15     | Killed Agnes
 25107 | D:15     | Reached XP level 15. HP: 114/120 MP: 23/25
 25119 | D:15     | Found a radiant altar of Vehumet.
 25389 | D:15     | Found a staircase to the Depths.
 26367 | D:15     | Reached skill level 12 in Axes
 26656 | Orc:1    | Entered Level 1 of the Orcish Mines
 26670 | Orc:1    | Noticed Josephine
 26712 | D:9      | Killed Josephine
 27391 | Orc:2    | Entered Level 2 of the Orcish Mines
 27413 | Orc:2    | Found a staircase to the Elven Halls.
 27491 | Orc:2    | Reached skill level 10 in Invocations
 27642 | Orc:2    | Found Xoupp's Weapon Shop.
 27914 | D:7      | Bought a smoking broad axe for 279 gold pieces
 27914 | D:7      | Identified the +0 broad axe "Ilyaroic" {holy, Int+2} (You
                  | bought it in a shop on level 7 of the Dungeon)
 28760 | Orc:2    | Reached skill level 13 in Axes
 28982 | Orc:2    | Found Tizacw's Distillery.
 28982 | Orc:2    | Found Pusaj's Antique Weapon Boutique.
 28983 | Orc:2    | Found Zefiuxaj's Book Shop.
 28983 | Orc:2    | Found Laykhlule's Antique Armour Boutique.
 28994 | Orc:2    | Bought a crude broad axe for 315 gold pieces
 28994 | Orc:2    | Identified the +6 broad axe of Destiny {heavy, Fly Str+4
                  | Stlth-} (You bought it in a shop on level 2 of the Orcish
                  | Mines)
 28999 | Orc:2    | Bought a book of Unlife for 576 gold pieces
 29001 | Orc:2    | Bought a glowing kite shield for 187 gold pieces
 29024 | Orc:2    | Learned a level 4 spell: Animate Dead
 29030 | Orc:2    | Learned a level 5 spell: Borgnjor's Vile Clutch
 29208 | Spider:1 | Entered Level 1 of the Spider Nest
 29541 | Lair:3   | Found a hole to the Spider Nest.
 30551 | Spider:1 | Noticed an emperor scorpion
 30742 | Spider:1 | Killed an emperor scorpion
 30838 | Spider:1 | HP: 3/111 [demonic crawler (8)]
 30842 | Spider:1 | Slain by a tarantella

Illustrated notes

Levels and vault maps discovered:
D:1:      sevenhm_arrival_forest_fort_small_5, layout_basic,
          minmay_shallow_snake_nest
D:2:      layout_loops_cross, basic_altar, minmay_door_square,
          minmay_misc_feat_square, uniq_sigmund
D:3:      layout_loops_ring, amcnicky_altar_gilded, led_xom_imps,
          mainiacjoe_overflow_chevrons, minmay_misc_feat_cross,
          reono_crystal_passage
D:4:      layout_basic
D:5:      layout_rooms, minmay_temple_entry_statues_pillars, uniq_ijyb,
          uniq_prince_ribbit1
D:6:      layout_loops_ring, lemuel_doored_altar, elyvilon_altar_4,
          general_overflow_altar, grunt_dithmenos_smoke_and_mirrors
D:7:      layout_loops_ring, mainiacjoe_overflow_large_starburst,
          enter_bailey_8, nicolae_take_the_stairs, minmay_holes,
          nicolae_concentric_dashed_squares_wild, uniq_pikel
D:8:      layout_rooms, nicolae_yredelemnul_corpse_copse
D:9:      layout_roguey [special_room_orc], mainiacjoe_overflow_small_starburst,
          hiddenorc1_lemuel
D:10:     layout_grid_maze, evilmike_ruin_ashenzari, david_lair_shrubbed,
          serial_bayou_lagoon_a, serial_bayou_pond_c, minmay_between
D:11:     layout_loops_cross, uniq_nergalle, uniq_fannar
D:12:     layout_loops_ring, serial_glass, glass_columns_b, glass_columns_c
D:13:     layout_loops_corners, erik_vaults_1, special_room [special_room_orc],
          uniq_snorg, uniq_maurice
D:14:     layout_basic, amcnicky_mini_pool_small, serial_bayou,
          serial_bayou_pond_a, serial_bayou_crossing, serial_bayou_shore_a,
          serial_bayou_ford_a, serial_bayou_pond_d, david_greed, uniq_jorgrun,
          uniq_kirke
D:15:     hellmonk_depths_entry_around_the_bend, layout_loops_corners,
          nicolae_vehumet_altar_sigil, uniq_agnes
Lair:1:   layout_misc_corridors
Lair:2:   layout_cave_pods, grunt_forest_large_clearings, grunt_megastairs_2
Lair:3:   layout_chaotic_city, skrybe_swamp_entry_bodies,
          spider_nest_entry_webs, minmay_stone_trees_small
Lair:4:   layout_regular_city, serial_forest, infiniplex_forest_fountain,
          infiniplex_forest_clump_small, infiniplex_forest_lined_1,
          infiniplex_forest_end_2, infiniplex_forest_corner_1,
          infiniplex_forest_clump_medium, infiniplex_forest_lined_room_3
Lair:5:   hangedman_lair_tendril_chambers, layout_loops_ring, wormcave,
          minmay_slime_entry_pillars, patterned_corridor
Spider:1: layout_cave_pods, drop_trap, dreamdust_wasp_nest
Orc:1:    layout_caves, uniq_josephine
Orc:2:    st_orc_pillars, layout_caves, serial_shops, nicolae_shop_statue_plus

Skill      XL: |  1  2  3  4  5  6  7  8  9 10 11 12 13 14 15 |
---------------+----------------------------------------------+-----
Necromancy     | 3 5 6 7 8 12 | 12.0
Stealth        | 2 |  2.0
Spellcasting   | 2 4 5 7 |  7.0
Evocations     | 1 2 |  2.0
Fighting       | 3 4 5 6 8 10 12 | 12.1
Maces & Flails | 2 4 |  4.0
Invocations    | 4 5 6 7 9 10 | 10.0
Armour         | 2 4 6 8 |  8.0
Dodging        | 3 5 |  5.0
Axes           | 5 7 9 11 13 | 13.7
Throwing       | |  1.5
Shields        | |  0.2
Unarmed Combat | |  2.4

Action                     |  1- 3 |  4- 6 |  7- 9 | 10-12 | 13-15 || total
---------------------------+-------+-------+-------+-------+-------++-------
  Melee: Unarmed           |   128 |   131 |       |       |       ||   259
         Punch             |     5 |     6 |     4 |    24 |    62 ||   101
         Dagger            |     1 |       |    17 |       |       ||    18
         Flail             |       |   120 |   264 |   138 |       ||   522
         War axe           |       |       |       |   641 |  1385 ||  2026
         Broad axe         |       |       |       |       |   142 ||   142
  Throw: Dart              |     7 |     1 |       |     1 |     7 ||    16
   Cast: Vampiric Draining |     2 |    15 |    38 |    87 |   108 ||   250
         Dispel Undead     |       |       |     4 |    18 |     3 ||    25
         Cigotuvi's Dreadf |       |       |       |     2 |     2 ||     4
         Death Channel     |       |       |       |       |     8 ||     8
         Borgnjor's Vile C |       |       |       |       |     7 ||     7
 Invoke: Minor Destruction |       |       |    14 |    10 |     9 ||    33
         Lesser Servant of |       |       |     2 |     4 |    21 ||    27
         Major Destruction |       |       |       |     1 |    14 ||    15
         Greater Servant o |       |       |       |       |     6 ||     6
  Evoke: Wand              |     3 |     2 |     6 |       |    11 ||    22
         Condenser vane    |       |       |       |       |     1 ||     1
    Use: Scroll            |     1 |     2 |       |    15 |    15 ||    33
   Stab: Paralysed         |    13 |     2 |     4 |       |     5 ||    24
         Sleeping          |       |     3 |     3 |     1 |     1 ||     8
         Distracted        |       |       |     1 |       |     5 ||     6
 Armour: Ring mail         |    66 |       |    58 |   876 |  1177 ||  2177
         Robe              |    11 |   210 |   120 |       |       ||   341
         Leather armour    |       |       |   122 |       |       ||   122
         Scale mail        |       |       |       |       |   837 ||   837
  Dodge: Dodged            |    47 |   170 |   189 |   541 |  1047 ||  1994

Table legend: (Time is in decaauts)
 A = Elapsed time spent in this place.
 B = Non-inter-level travel time spent in this place.
 C = Inter-level travel time spent in this place.
 D = Time resting spent in this place.
 E = Time spent auto-exploring this place.
 F = Levels seen in this place.
 G = Mean time per level.
                   A        B        C        D        E       F      G
               +--------+--------+--------+--------+--------+-----+--------+
         Total |  31130 |  29697 |   1433 |   7983 |  12194 |  24 | 1297.1 |
       Dungeon |  20810 |  19701 |   1109 |   5506 |   8069 |  15 | 1387.3 |
          Lair |   6859 |   6662 |    197 |   1530 |   3197 |   5 | 1371.8 |
   Spider Nest |   1196 |   1196 |      0 |    502 |    263 |   1 | 1196.0 |
  Orcish Mines |   1886 |   1760 |    126 |    351 |    664 |   2 |  943.0 |
        Bailey |    377 |    377 |      0 |     94 |      0 |   1 |  377.0 |
               +--------+--------+--------+--------+--------+-----+--------+

Top non-repeatable levels by time:
  Lair:5: 2340 daAuts
     D:7: 2047 daAuts
    D:14: 1985 daAuts
     D:9: 1950 daAuts
    D:13: 1834 daAuts
     D:4: 1664 daAuts
    D:15: 1608 daAuts
    D:10: 1603 daAuts
     D:3: 1499 daAuts
     D:6: 1479 daAuts
   Orc:2: 1396 daAuts
  Lair:2: 1384 daAuts
  Lair:3: 1221 daAuts
Spider:1: 1196 daAuts
     D:8: 1089 daAuts
